 Dungeon Crawl Stone Soup version 0.25-a0-346-g140ab784a8 (webtiles) character file.

Game seed: 13406476437528017823, levelgen mode: deterministic

37 PentaManta the Skirmisher (level 3, 0/33 HPs)
             Began as a Ghoul Monk on Jan 1, 2020.
             Slain by a quokka (1 damage)
             ... on level 2 of the Dungeon.
             The game lasted 00:03:05 (955 turns).

PentaManta the Skirmisher (Ghoul Monk)               Turns: 955, Time: 00:03:09

Health: 0/33       AC:  3    Str: 15      XL:     3   Next: 41%
Magic:  2/2        EV: 11    Int:  5      God:
Gold:   22         SH:  2    Dex:  9 (11) Spells: 2/2 levels left

rFire    . . .     SeeInvis .     - Unarmed
rCold    + . .     Gourm    .   k - +0 buckler
rNeg     + + +     Faith    .   l - +0 leather armour
rPois    ∞         Spirit   .   (no helmet)
rElec    .         Reflect  .   (no cloak)
rCorr    +         Harm     .   (no gloves)
MR       .....                  (no boots)
Stlth    +.........             (no amulet)
HPRegen  0.00/turn              e - ring of resist corrosion
MPRegen  0.08/turn              f - ring of poison resistance

@: rotting
A: rotting body, claws 1, carnivore, cold resistance 1, negative energy
resistance 3, inhibited regeneration, torment resistance, unbreathing
a: no special abilities


You were on level 2 of the Dungeon.
You were not hungry.

You visited 1 branch of the dungeon, and saw 2 of its levels.

You collected 22 gold pieces.

Inventory:

Armour
 k - a +0 buckler (worn)
 l - a +0 leather armour (worn)
Jewellery
 e - a ring of resist corrosion (left claw)
 f - a ring of poison resistance (right claw)
Scrolls
 c - a scroll of amnesia {unknown}
 d - a scroll of remove curse {unknown}
 h - a scroll of identify {unknown}
Potions
 g - a potion of ambrosia {unknown}
 i - a potion of berserk rage {unknown}
 j - a potion of mutation
Comestibles
 b - 3 rations


   Skills:
 + Level 4.1 Fighting
 - Level 2.6 Dodging
 - Level 2.1 Stealth
 + Level 4.1 Unarmed Combat


You had 2 spell levels left.
You didn't know any spells.
Your spell library was empty.

Dungeon Overview and Level Annotations

Branches:
Dungeon (2/15)

Altars:
Ashenzari
Nemelex Xobeh
Qazlal
Trog
Vehumet


Innate Abilities, Weirdness & Mutations

Your body is rotting away.
You thrive on raw meat.
You are immune to poison.
You have sharp fingernails.
You are carnivorous and can eat meat at any time.
Your flesh is cold resistant. (rC+)
You are immune to negative energy. (rN+++)
You do not regenerate when monsters are visible.
You are immune to unholy pain and torment.
You can survive without breathing.


Message History

The bat hits you but does no damage. The bat hits you but does no damage.
The bat closely misses you. The bat hits you.
* * * LOW HITPOINT WARNING * * *
You see here a stone.
The bat hits you but does no damage. The bat hits you but does no damage.
The bat barely misses you. The bat hits you but does no damage.
The bat hits you.
* * * LOW HITPOINT WARNING * * *
The quokka twitches its whiskers.
There is a stone staircase leading up here.
It was a potion of mutation.
You feel extremely strange.
Your body decomposes!
You feel clumsy.
Your body decomposes!
You feel clumsy. The quokka bites you.
You die...

#########################
#(.bg..r@...)...........#
##.####################.#
#.#######...........##.#
#.b................###.#
#g.######.######..†....+
#..# #.........#.#.###.#
#.(# #......_....#.# #.#
#..#####...........# #.#
#.(..g.............# #.#


You could see a quokka, a hobgoblin and a bat.

Vanquished Creatures
  An adder (D:2)
  A worm (D:2)
  A dart slug (D:1)
  A leopard gecko (D:2)
  4 bats
  A giant cockroach (D:1)
  3 jackals (D:1)
  3 kobolds
  A frilled lizard (D:1)
  4 goblins
20 creatures vanquished.

Notes
Turn   | Place    | Note
-------+----------+-------------------------------------------
     0 | D:1      | PentaManta the Ghoul Monk began the quest for the Orb.
     0 | D:1      | Reached XP level 1. HP: 19/19 MP: 0/0
   222 | D:1      | Found a shattered altar of Ashenzari.
   270 | D:1      | Reached XP level 2. HP: 17/26 MP: 1/1
   821 | D:2      | Found a sparkling altar of Nemelex Xobeh.
   855 | D:2      | Found a bloodstained altar of Trog.
   862 | D:2      | Reached XP level 3. HP: 20/33 MP: 2/2
   870 | D:2      | Found a stormy altar of Qazlal.
   870 | D:2      | Found a radiant altar of Vehumet.
   948 | D:2      | HP: 1/33 [bat (1)]
   955 | D:2      | Slain by a quokka

Levels and vault maps discovered:
D:1:      evilmike_arrival_rings, layout_loops_ring, evilmike_ruin_ashenzari
D:2:      minmay_inner_zag, layout_basic, grunt_temple_overflow_open,
          minmay_split_cup_large

Skill      XL: |  1  2 |
---------------+-------+-----
Fighting       | 4 |  4.1
Unarmed Combat | 4 |  4.1
Dodging        | |  2.6
Stealth        | |  2.1

Action                   || total
-------------------------++-------
Melee: Unarmed           ||    63
  Use: Potion            ||     1
 Stab: Sleeping          ||     1
Armor: Robe              ||     6
       Leather armour    ||    11
Dodge: Dodged            ||    56
Block: Buckler           ||     1

Table legend:
 A = Non-vault XP
 B = Vault XP
 C = Vault XP percentage of total XP
 D = Non-vault monster count
 E = Vault monster count
 F = Vault count percentage of total count
                 A         B        C        D         E       F
            +---------+---------+-------+---------+---------+-------
      Total |      49 |       5 |   9.3 |      19 |       1 |   5.0
            +---------+---------+-------+---------+---------+-------
        D:1 |      28 |       0 |   0.0 |      14 |       0 |   0.0
        D:2 |      21 |       5 |  19.2 |       5 |       1 |  16.7
            +---------+---------+-------+---------+---------+-------
